 Dungeon Crawl Stone Soup version 0.30-a0-1161-g0704695555 (webtiles) character file.

Game seed: 11072079513236884986

93 Darkkill the Shooter (level 4, -10/38 HPs)
             Began as a Minotaur Hunter on Apr 27, 2023.
             Killed by nerve-wracking pain
             ... invoked by an orc priest
              (11 damage)
             ... on level 3 of the Dungeon.
             The game lasted 00:03:14 (1378 turns).

Darkkill the Shooter (Minotaur Hunter)              Turns: 1378, Time: 00:03:15

Health: -10/38     AC:  5    Str: 15    XL:     4   Next: 37%
Magic:  3/3        EV: 13    Int:  6    God:
Gold:   57         SH:  0    Dex: 16    Spells: 3/3 levels left

rFire   . . .        a - +0 shortbow
rCold   . . .        (shield currently unavailable)
rNeg    . . .        c - +0 leather armour
rPois   .            (helmet restricted)
rElec   .            (no cloak)
rCorr   .            (no gloves)
SInv    +            n - +1 pair of boots
Will    .....        (no amulet)
Stlth   ++           o - ring of see invisible
HPRegen 0.26/turn    (no ring)
MPRegen 0.08/turn

%: no passive effects
@: no status effects
A: horns 2, retaliatory headbutt
a: no special abilities


You were on level 3 of the Dungeon.
You visited 1 branch of the dungeon, and saw 3 of its levels.

You collected 57 gold pieces.

Inventory:

Hand Weapons
 a - a +0 shortbow (weapon)
 f - the +5 sling "Kikeblod" {freeze, rElec rPois rN+ rCorr}
   (You found it on level 3 of the Dungeon)

   rElec:     It insulates you from electricity.
   rPois:     It protects you from poison.
   rN:        It protects you from negative energy.
   rCorr:     It protects you from acid and corrosion.
Missiles
 g - 4 curare-tipped darts {=f !f}
 k - 30 stones
 l - a throwing net {=f !f}
Armour
 c - a +0 leather armour (worn)
 n - a +1 pair of boots (worn)
Jewellery
 o - a ring of see invisible (left hand)
Scrolls
 b - a scroll of immolation
 h - a scroll of identify {unknown}
Potions
 d - 3 potions of attraction {unknown}
 e - a potion of mutation {unknown}
 j - a potion of brilliance {unknown}
 m - 2 potions of curing {unknown}


   Skills:
 + Level 3.4 Fighting
 + Level 5.0 Ranged Weapons
 + Level 3.2 Dodging
 + Level 1.9 Stealth


You had 3 spell levels left.
You didn't know any spells.
Your spell library contained the following spells:

 Spells                   Type           Power      Damage    Failure   Level
 Freeze                   Ice            0%         1d3       52%         1
 Cigotuvi's Dreadful Rot  Necr/Pois/Air  0%         N/A       67%         2
 Frozen Ramparts          Ice            0%         1d1       88%         3
 Hailstorm                Conj/Ice       0%         3d3       88%         3
 Dispel Undead            Necr           0%         3d6       99%         4
 Death Channel            Necr           0%         N/A       100%        6


Dungeon Overview and Level Annotations

Branches:
Dungeon (3/15)

Altars:


Innate Abilities, Weirdness & Mutations

You have a pair of horns on your head.
You reflexively headbutt those who attack you in melee.


Message History

The orc priest begins to cast a cantrip, but forgets the words!
The orc hits you but does no damage. The orc barely misses you.
The orc closely misses you.
Fire: a) +0 shortbow
Press: ? - help, Q - select action, (/) - cycle Shift-Dir - straight line, f/p - orc
Aim: an orc, wielding a +0 whip and wearing a +0 leather armour (moderately wounded, 63% to hit)
You shoot an arrow. The arrow barely misses the orc.
The orc closely misses you. The orc completely misses you.
Fire: a) +0 shortbow
Press: ? - help, Q - select action, (/) - cycle Shift-Dir - straight line, f/p - orc
Aim: an orc, wielding a +0 whip and wearing a +0 leather armour (moderately wounded, 63% to hit)
You shoot an arrow. The arrow hits the orc.
The orc is severely wounded.
The orc misses you. The orc barely misses you.
Fire: a) +0 shortbow
Press: ? - help, Q - select action, (/) - cycle Shift-Dir - straight line, f/p - orc
Aim: an orc, wielding a +0 whip and wearing a +0 leather armour (severely wounded, 63% to hit)
You shoot an arrow. The arrow closely misses the orc.
The orc hits you with a +0 club.
The orc priest begins to cast a cantrip, but forgets the words!
The orc hits you with a +0 whip. The orc barely misses you. x2
Fire: a) +0 shortbow
Press: ? - help, Q - select action, (/) - cycle Shift-Dir - straight line, f/p - orc
Aim: an orc, wielding a +0 whip and wearing a +0 leather armour (severely wounded, 63% to hit)
You shoot an arrow. The arrow hits the orc!
You kill the orc!
Fire: a) +0 shortbow
Press: ? - help, Q - select action, (/) - cycle Shift-Dir - straight line, f - orc
Aim: an orc, wielding a +0 club (63% to hit)
You shoot an arrow.
The arrow hits the orc but does no damage.
The orc closely misses you.
The orc priest mumbles some strange prayers to Beogh against you.
Beogh smites you!
Fire: a) +0 shortbow
Press: ? - help, Q - select action, (/) - cycle Shift-Dir - straight line, f/p - orc
Aim: an orc, wielding a +0 club (63% to hit)
You shoot an arrow. The arrow closely misses the orc.
The orc hits you with a +0 club. The orc closely misses you.
The orc hits you with a +0 club. The orc closely misses you.
Fire: a) +0 shortbow
Press: ? - help, Q - select action, (/) - cycle Shift-Dir - straight line, f/p - orc
Aim: an orc, wielding a +0 club (63% to hit)
You shoot an arrow. The arrow barely misses the orc.
The orc closely misses you. You furiously retaliate!
You headbutt the orc!
You kill the orc!
The orc misses you. You furiously retaliate!
You headbutt the orc.
Fire: a) +0 shortbow
Press: ? - help, Q - select action, (/) - cycle Shift-Dir - straight line, f - orc
Aim: an orc, wielding a +0 club (moderately wounded, 63% to hit)
You shoot an arrow. The arrow barely misses the orc.
The orc hits you with a +0 club.
Fire: a) +0 shortbow
Press: ? - help, Q - select action, (/) - cycle Shift-Dir - straight line, f/p - orc
Aim: an orc, wielding a +0 club (moderately wounded, 63% to hit)
You shoot an arrow. The arrow hits the orc.
The orc is heavily wounded.
Fire: a) +0 shortbow
Press: ? - help, Q - select action, (/) - cycle Shift-Dir - straight line, f/p - orc
Aim: an orc, wielding a +0 club (heavily wounded, 63% to hit)
You shoot an arrow. The arrow completely misses the orc.
The orc hits you but does no damage.
The orc priest calls upon Beogh to heal the orc.
The orc's wounds heal themselves!
The orc priest mumbles some strange prayers to Beogh against you.
Beogh smites you!
* * * LOW HITPOINT WARNING * * *
The orc hits you with a +0 club.
* * * LOW HITPOINT WARNING * * *
Fire: a) +0 shortbow
Press: ? - help, Q - select action, (/) - cycle Shift-Dir - straight line, f/p - orc
Aim: an orc, wielding a +0 club (63% to hit)
You shoot an arrow. The arrow closely misses the orc.
The orc hits you with a +0 club.
* * * LOW HITPOINT WARNING * * *
Fire: a) +0 shortbow
Press: ? - help, Q - select action, (/) - cycle Shift-Dir - straight line, f/p - orc
Aim: an orc, wielding a +0 club (63% to hit)
You shoot an arrow. The arrow hits the orc!
The orc is almost dead.
The orc priest barely misses you. The orc misses you. You furiously retaliate!
You headbutt the orc.
You kill the orc!
Fire: a) +0 shortbow
Press: ? - help, Q - select action, (/) - cycle Shift-Dir - straight line, f - orc priest
Aim: an orc priest, wielding a +0 mace (63% to hit)
You shoot an arrow. The arrow hits the orc priest!
The orc priest is almost dead.
The orc priest hits you with a +0 mace.
* * * LOW HITPOINT WARNING * * *
Fire: a) +0 shortbow
Press: ? - help, Q - select action, (/) - cycle Shift-Dir - straight line, f/p - orc priest
Aim: an orc priest, wielding a +0 mace (almost dead, 63% to hit)
You shoot an arrow. The arrow hits the orc priest.
The orc priest is almost dead.
The orc priest hits you with a +0 mace.
* * * LOW HITPOINT WARNING * * *
The orc priest mumbles some strange prayers to Beogh against you.
Pain shoots through your body!
You die...

#.##......##.#
..##.#######.# ##
####.# #.. .#
.....#### ### .#
#......<#########.#
#[......#.......#$#
#..###..#.#####.#.#
#..#.........##.#o#
.....#..#.##....@)#
#>......#.#####.###
#########.#####.#
#.......# #########


You could see an orc priest.

Vanquished Creatures
  An orc priest (D:3)
  An adder (D:3)
  3 dart slugs
  A worm (D:3)
  3 orcs (D:3)
  2 endoplasms (D:2)
  A giant cockroach (D:2)
  5 hobgoblins
  7 kobolds
  2 quokkas
  3 ball pythons
  4 bats
  2 frilled lizards (D:1)
  6 goblins
  2 rats
43 creatures vanquished.

Notes
Turn   | Place    | Note
-------+----------+-------------------------------------------
     0 | D:1      | Darkkill the Minotaur Hunter began the quest for the Orb.
     0 | D:1      | Reached XP level 1. HP: 18/18 MP: 0/0
   100 | D:1      | Reached skill level 1 in Stealth
   152 | D:1      | Reached XP level 2. HP: 25/25 MP: 1/1
   731 | D:2      | Reached XP level 3. HP: 31/31 MP: 2/2
  1302 | D:3      | Identified the +5 sling "Kikeblod" {freeze, rElec rPois rN+
                  | rCorr}
  1363 | D:3      | Reached skill level 5 in Ranged Weapons
  1363 | D:3      | Reached XP level 4. HP: 32/38 MP: 3/3
  1375 | D:3      | HP: 5/38 [orc/+0 club (3)]
  1378 | D:3      | HP: 1/38 [orc priest/+0 mace (3)]
  1378 | D:3      | Killed from afar by an orc priest

Illustrated notes

Levels and vault maps discovered:
D:1:      saegor_arrival_under_anarchy, layout_rooms, nicolae_hexahallways,
          nicolae_kite_square_tiling_tiny
D:2:      layout_rooms
D:3:      layout_loops_cross, mainiacjoe_overflow_catwalk, nrook_campfire,
          chequers_arboretum

Skill      XL: |  1  2  3 |
---------------+----------+-----
Stealth        | 1 |  1.9
Fighting       | 3 |  3.4
Dodging        | 3 |  3.2
Ranged Weapons | 5 |  5.0

Action                     |  1- 3 |  4- 6 || total
---------------------------+-------+-------++-------
   Fire: Shortbow          |   108 |    16 ||   124
    Use: Scroll            |     6 |       ||     6
 Armour: Leather armour    |    11 |     2 ||    13
  Dodge: Dodged            |    22 |    15 ||    37

Table legend: (Time is in decaauts)
 A = Elapsed time spent in this place.
 B = Non-inter-level travel time spent in this place.
 C = Inter-level travel time spent in this place.
 D = Time resting spent in this place.
 E = Time spent auto-exploring this place.
 F = Levels seen in this place.
 G = Mean time per level.
                   A        B        C        D        E       F      G
               +--------+--------+--------+--------+--------+-----+--------+
         Total |   1417 |   1371 |     46 |     27 |   1088 |   3 |  472.3 |
       Dungeon |   1417 |   1371 |     46 |     27 |   1088 |   3 |  472.3 |
               +--------+--------+--------+--------+--------+-----+--------+

Top non-repeatable levels by time:
     D:1: 727 daAuts
     D:2: 551 daAuts
     D:3: 137 daAuts

Levels and vault maps discovered:
D:1:      saegor_arrival_under_anarchy, layout_rooms, nicolae_hexahallways,
          nicolae_kite_square_tiling_tiny
D:2:      layout_rooms
D:3:      layout_loops_cross, mainiacjoe_overflow_catwalk, nrook_campfire,
          chequers_arboretum

Table legend: (Time is in decaauts)
 A = Elapsed time spent in this place.
 B = Non-inter-level travel time spent in this place.
 C = Inter-level travel time spent in this place.
 D = Time resting spent in this place.
 E = Time spent auto-exploring this place.
 F = Levels seen in this place.
 G = Mean time per level.
                   A        B        C        D        E       F      G
               +--------+--------+--------+--------+--------+-----+--------+
         Total |   1417 |   1371 |     46 |     27 |   1088 |   3 |  472.3 |
       Dungeon |   1417 |   1371 |     46 |     27 |   1088 |   3 |  472.3 |
               +--------+--------+--------+--------+--------+-----+--------+

Top non-repeatable levels by time:
     D:1: 727 daAuts
     D:2: 551 daAuts
     D:3: 137 daAuts

Table legend:
 A = Kills in this place as a percentage of kills in the entire game.
 B = Kills by you in this place as a percentage of kills by you in the entire game.
 C = Kills by friends in this place as a percentage of kills by friends in the entire game.
 D = Other kills in this place as a percentage of other kills in the entire game.
 E = Experience gained in this place as a percentage of experience gained in the entire game.
 F = Experience gained in this place divided by the number of levels of this place that you have seen.
                   A       B       C       D       E      F
               +-------+-------+-------+-------+-------+----------------------
         Total | 100.0 | 100.0 |   N/A |   N/A | 100.0 |  44.7
       Dungeon | 100.0 | 100.0 |   N/A |   N/A | 100.0 |  44.7
               +-------+-------+-------+-------+-------+----------------------
